 Dungeon Crawl Stone Soup version 0.23-a0-183-gf37f6fb (webtiles) character file.

8077 mhoghedin the Archer (level 11, -2/94 (95) HPs)
             Began as a Centaur Hunter on Sept 21, 2018.
             Was a Believer of Fedhas.
             Slain by a two-headed ogre
             ... wielding a cursed -1 giant club
              (11 damage)
             ... on level 11 of the Dungeon.
             The game lasted 00:18:53 (12177 turns).

mhoghedin the Archer (Centaur Hunter)              Turns: 12177, Time: 00:18:54

HP:   -2/94 (95)    AC:  6    Str: 16    XL:     11   Next: 5%
MP:   11/11         EV:  9    Int: 10    God:    Fedhas [**....]
Gold: 666           SH:  0    Dex: 14    Spells: 10/10 levels left

rFire    x . .     SeeInvis .     - Unarmed
rCold    + . .     Gourm    .   (no shield)
rNeg     . . .     Faith    +   c - +0 leather armour
rPois    .         Spirit   .   u - +1 hat
rElec    .         Reflect  .   D - +0 cloak {MR+}
rCorr    .         Harm     .   (no gloves)
MR       +....                  (no barding)
Stlth    +.........             h - amulet of faith {Faith, !P}
HPRegen  0.25/turn              z - ring of ice {rC+, rF-}
MPRegen  0.12/turn              (no ring)

@: very quick
A: large, claws 1, hooves 3, horns 1, agile 1, deformed body, speed 2, frail 1,
tough skin 3, evolution 1
a: Fungal Bloom, Sunlight, Evolution, Renounce Religion


You were on level 11 of the Dungeon.
You worshipped Fedhas.
Fedhas was pleased with you.
You were not hungry.

You visited 1 branch of the dungeon, and saw 11 of its levels.

You collected 666 gold pieces.

Inventory:

Hand Weapons
 a - a +2 shortbow
Missiles
 d - 73 arrows
 r - 3 javelins of returning (quivered)
 J - 3 curare-tipped needles
Armour
 c - a +0 leather armour (worn)
 u - a +1 hat (worn)
   (You found it on level 5 of the Dungeon)
 v - a +0 helmet
   (You found it on level 3 of the Dungeon)
 x - a +0 cloak
   (You took it off Crazy Yiuf on level 3 of the Dungeon)
 D - a +0 cloak of magic resistance (worn)
   (You took it off Maurice on level 8 of the Dungeon)
 F - a scarf of repulsion
   (You found it on level 8 of the Dungeon)
Jewellery
 h - an amulet of faith (around neck) {Faith, !P}
   (You found it on level 1 of the Dungeon)
 l - a +3 amulet of reflection {unknown}
   (You found it on level 1 of the Dungeon)
 s - a cursed amulet of inaccuracy {unknown}
   (You found it on level 3 of the Dungeon)
 w - a +6 ring of protection {unknown}
   (You found it on level 8 of the Dungeon)
 z - a ring of ice (left claw) {rC+, rF-}
   (You found it on level 5 of the Dungeon)
 G - an uncursed ring of resist corrosion {unknown}
   (You found it on level 9 of the Dungeon)
Wands
 n - a wand of polymorph (12)
   (You found it on level 5 of the Dungeon)
 H - a wand of flame (27)
   (You found it on level 8 of the Dungeon)
 L - a wand of paralysis (17)
   (You found it on level 10 of the Dungeon)
 O - a wand of iceblast (9)
   (You found it on level 10 of the Dungeon)
Scrolls
 i - 7 scrolls of teleportation
 j - 3 scrolls of magic mapping {!r}
 m - 4 scrolls of remove curse
 p - 2 scrolls of fog
 q - 2 scrolls of enchant weapon
 t - a scroll of blinking {!r}
 y - 3 scrolls of holy word {unknown}
 C - 4 scrolls of amnesia
 M - a scroll of immolation {unknown}
 P - 3 scrolls of identify
Potions
 e - 3 potions of curing
 g - 3 potions of lignification {!q}
 k - a potion of resistance {unknown}
 o - a potion of haste
 A - a potion of invisibility {unknown}
 B - 2 potions of magic
 E - a potion of mutation {!q}
 I - 2 potions of brilliance {unknown}
 K - a potion of heal wounds {unknown}
Miscellaneous
 N - a lightning rod (4/4)
   (You found it on level 10 of the Dungeon)
Comestibles
 f - 19 rations


   Skills:
 - Level 12.8 Fighting
 - Level 14.0 Bows
 - Level 1.5 Dodging
 - Level 0.6 Stealth
 + Level 3.2 Unarmed Combat


You had 10 spell levels left.
You didn't know any spells.
Your spell library was empty.

Dungeon Overview and Level Annotations

Branches:
Dungeon (11/15)            Temple (0/1) D:5             Orc (0/2) D:10
   Lair: D:8-11

Altars:
Ashenzari
Elyvilon
Fedhas
Gozag
Hepliaklqana
Makhleb
Qazlal
Sif Muna
Trog
Vehumet
Wu Jian
Xom
Zin


Innate Abilities, Weirdness & Mutations

You have hooves in place of feet.
Armour fits poorly on your strangely shaped body.
You cover ground very quickly.
You have extremely tough skin. (AC +3)
You have sharp fingernails.
You have a pair of small horns on your head.
You are agile. (Dex +2)
You are frail. (-10% HP)
You evolve.


Message History

Fedhas appreciates ongoing decay.
d - 57 arrows (gained 2)
Things that are here:
a short sword; a plate armour; an orc skeleton
d - 58 arrows (gained 1)
Things that are here:
a club; an orc skeleton
d - 59 arrows (gained 1)
d - 61 arrows (gained 2)
d - 62 arrows (gained 1)
d - 65 arrows (gained 3)
Things that are here:
a mace; an orc skeleton
d - 66 arrows (gained 1)
d - 69 arrows (gained 3)
d - 70 arrows (gained 1)
Things that are here:
a mace; an orc skeleton
d - 76 arrows (gained 6)
Things that are here:
a club; an orc skeleton A wyvern and a two-headed ogre come into view.
The two-headed ogre shouts in stereo!
There are monsters nearby!
a - a +2 shortbow (weapon)
Firing (i - inventory. (/) - cycle)
d - 76 arrows (quivered)
Aim: a wyvern You shoot an arrow.
The arrow closely misses the wyvern.
The wyvern bites you!
You take 13 damage, and have 81/94 hp.
Firing (i - inventory. (/) - cycle)
d - 75 arrows (quivered)
Aim: a wyvern You shoot an arrow.
The arrow hits the wyvern but does no damage.
The wyvern closely misses you.
Unknown command.
You are now empty-clawed.
You closely miss the wyvern. The wyvern barely misses you.
You barely miss the wyvern. You kick the wyvern! The wyvern bites you! x2
You take 19 damage, and have 62/94 hp.
MASSIVE DAMAGE!!
The wyvern barely misses you.
There is a stone staircase leading up here.
The wyvern bites you but does no damage.
The wyvern misses you.
You climb upwards.
There is a stone staircase leading down here.
You scratch the wyvern. You kick the wyvern. Your headbutt misses the wyvern.
The wyvern bites you.
You take 1 damage, and have 63/94 hp.
You scratch the wyvern but do no damage.
You kick the wyvern. The wyvern bites you. The wyvern barely misses you.
You take 3 damage, and have 60/94 hp.
You scratch the wyvern but do no damage.
The wyvern bites you!
You take 17 damage, and have 43/94 hp.
Unknown command.
You claw the wyvern!
You kill the wyvern!
You start resting.
You are feeling hungry.
You regained 38 hp, and now have 81/94 hp.
There is a stone staircase leading down here.
You eat one of the 20 rations.
That ration really hit the spot!
There is a stone staircase leading down, spattered with blood here.
You climb downwards.
There is a stone staircase leading up here.
a - a +2 shortbow (weapon)
Firing (i - inventory. (/) - cycle)
d - 74 arrows (quivered)
Aim: a two-headed ogre, wielding two giant clubs You shoot an arrow.
The arrow barely misses the two-headed ogre.
The two-headed ogre hits you with a giant club!
The two-headed ogre closely misses you.
You take 17 damage, and have 65/94 hp.
Unknown command.
You are now empty-clawed.
You scratch the two-headed ogre but do no damage.
You kick the two-headed ogre, but do no damage.
You headbutt the two-headed ogre. You claw the two-headed ogre!
You kick the two-headed ogre! You headbutt the two-headed ogre.
The two-headed ogre closely misses you.
The two-headed ogre hits you with a giant club!
You take 9 damage, and have 56/94 hp.
You are too injured to fight recklessly!
You are too injured to fight recklessly!
You are too injured to fight recklessly!
You scratch the two-headed ogre but do no damage.
You headbutt the two-headed ogre.
The two-headed ogre hits you with a giant club!! x2
* * * LOW HITPOINT WARNING * * *
You take 41 damage, and have 15/94 hp.
MASSIVE DAMAGE!!
You claw the two-headed ogre!
You kick the two-headed ogre, but do no damage.
You headbutt the two-headed ogre, but do no damage.
The two-headed ogre hits you with a giant club.
* * * LOW HITPOINT WARNING * * *
The two-headed ogre hits you with a giant club!
You die...
Fedhas appreciates your contribution to the ecosystem.

##............# .#
##.........##..##
#.##(..###..).###..###
#........[....##....#
##........)...........
##........<.###........
.....#.......##........
..........O..##........
#......##@.##....###.
##....##..###...##
#<...#..## #..##
#...(..# #..# #......##
..## #..#.....
#..##...... ..#
#....... .. ........#


You could see a two-headed ogre.

Vanquished Creatures
  A two-headed ogre (D:10)
  An unseen horror (D:10)
  Maurice (D:8)
  A gargoyle (D:10)
  Psyche (D:8)
  Grinder (D:5)
  3 hippogriffs
  A wyvern (D:10)
  A hungry ghost (D:8)
  3 orc warriors
  4 sky beasts
  An ice beast (D:5)
  2 black bears (D:8)
  6 ogres
  6 necrophages
  4 centaurs
  2 bullfrogs (D:9)
  A wyvern zombie (D:4)
  A scorpion (D:7)
  10 wights (D:9)
  3 howler monkeys (D:8)
  6 crimson imps
  A quasit (D:8)
  4 bullfrog zombies
  A centaur skeleton (D:10)
  3 centaur zombies
  3 hounds
  A jelly (D:5)
  3 orc priests (D:4)
  Crazy Yiuf (D:3)
  10 orc wizards
  2 bullfrog skeletons
  7 worker ants
  4 iguanas
  2 killer bee zombies
  3 hound zombies
  A mummy (D:9)
  2 hound skeletons (D:7)
  A howler monkey zombie (D:9)
  2 worker ant zombies (D:10)
  4 gnolls (D:4)
  6 adders
  3 shadow imps
  2 oozes
  An adder zombie (D:9)
  3 worms
  2 dart slugs
  7 leopard geckos
  35 orcs
  12 bats
  8 giant cockroaches
  9 goblins
  6 hobgoblins
  17 jackals
  10 quokkas
  A ball python (D:7)
  A ball python skeleton (D:4)
  6 frilled lizards
  4 kobolds
  A quokka zombie (D:10)
  6 rats
255 creatures vanquished.

Vanquished Creatures (others)
  A plant (D:11)
  14 toadstools
15 creatures vanquished.

Grand Total: 270 creatures vanquished

Notes
Turn   | Place    | Note
-------+----------+-------------------------------------------
     0 | D:1      | mhoghedin the Centaur Hunter began the quest for the Orb.
     0 | D:1      | Reached XP level 1. HP: 17/17 MP: 1/1
    26 | D:1      | Reached XP level 2. HP: 22/24 MP: 2/2
   279 | D:1      | Reached XP level 3. HP: 30/30 MP: 3/3
   462 | D:1      | Reached skill level 6 in Bows
   718 | D:1      | Reached skill level 3 in Fighting
  1183 | D:2      | Found a shattered altar of Ashenzari.
  1214 | D:2      | Found a blossoming altar of Fedhas.
  1346 | D:2      | Reached XP level 4. HP: 38/38 MP: 4/4
  1724 | D:2      | Became a worshipper of Fedhas Madash
  2046 | D:3      | Found a faded altar of an unknown god.
  2205 | D:3      | Reached XP level 5. HP: 46/46 MP: 5/5
  2302 | D:3      | Found a runed door.
  2364 | D:3      | Noticed Crazy Yiuf
  2375 | D:3      | Killed Crazy Yiuf
  2375 | D:3      | Reached skill level 4 in Fighting
  2375 | D:3      | Reached skill level 7 in Bows
  2402 | D:3      | HP: 11/46 [poisoned by Crazy Yiuf]
  2853 | D:4      | Reached XP level 6. HP: 53/53 MP: 6/6
  3093 | D:4      | Reached skill level 8 in Bows
  3104 | D:4      | Reached skill level 5 in Fighting
  3270 | D:4      | Reached * piety under Fedhas
  3307 | D:4      | HP: 12/56 [wyvern zombie (8)]
  3308 | D:4      | Reached XP level 7. HP: 14/61 MP: 7/7
  3631 | D:4      | Reached skill level 9 in Bows
  3771 | D:4      | Reached skill level 6 in Fighting
  4439 | D:4      | Gained mutation: You are frail. (-10% HP) [potion of
                  | mutation]
  4439 | D:4      | Gained mutation: Your spells are a little easier to cast,
                  | but a little less powerful. [potion of mutation]
  4439 | D:4      | Gained mutation: You evolve. [potion of mutation]
  4439 | D:4      | Gained mutation: You have a pair of small horns on your
                  | head. [potion of mutation]
  4511 | D:5      | Entered Level 5 of the Dungeon
  4724 | D:5      | HP: 14/57 [centaur (3)]
  4725 | D:5      | HP: 6/57 [centaur (8)]
  5032 | D:5      | Noticed Grinder
  5100 | D:5      | Killed Grinder
  5100 | D:5      | Reached skill level 7 in Fighting
  5100 | D:5      | Reached skill level 10 in Bows
  5100 | D:5      | Reached XP level 8. HP: 38/65 MP: 8/8
  5206 | D:5      | HP: 16/65 [sky beast (6)]
  5207 | D:5      | HP: 5/65 [something (6)]
  5550 | D:5      | Lost mutation: Your spells are a little easier to cast, but
                  | a little less powerful. [evolution]
  5990 | D:5      | Found a staircase to the Ecumenical Temple.
  6119 | D:5      | Found a stormy altar of Qazlal.
  6119 | D:5      | Found a glowing silver altar of Zin.
  6183 | D:6      | Reached skill level 11 in Bows
  6368 | D:6      | Reached skill level 8 in Fighting
  6368 | D:6      | HP: 15/66 [poisoned by an orc wizard]
  6620 | D:6      | Found a hazy altar of Hepliaklqana.
  6960 | D:6      | Found a radiant altar of Vehumet.
  7220 | D:6      | Reached XP level 9. HP: 66/72 MP: 9/9
  7323 | D:6      | Found a white marble altar of Elyvilon.
  7323 | D:6      | Found an opulent altar of Gozag.
  7324 | D:6      | Found a deep blue altar of Sif Muna.
  7507 | D:7      | Reached skill level 12 in Bows
  7881 | D:8      | Reached skill level 9 in Fighting
  7902 | D:8      | Found a bloodstained altar of Trog.
  7906 | D:8      | Noticed Psyche
  7924 | D:8      | Killed Psyche
  7943 | D:8      | Reached ** piety under Fedhas
  8079 | D:8      | Reached skill level 13 in Bows
  8335 | D:8      | Gained mutation: You have sharp fingernails. [evolution]
  8372 | D:8      | Found an ornate altar of the Wu Jian Council.
  8506 | D:8      | Reached skill level 10 in Fighting
  8785 | D:8      | Noticed Maurice
  8804 | D:8      | HP: 18/75 [hippogriff (6)]
  8986 | D:8      | Gained mutation: You are agile. (Dex +2) [evolution]
  9086 | D:8      | Killed Maurice
  9086 | D:8      | Reached XP level 10. HP: 78/83 MP: 10/10
  9621 | D:9      | Reached skill level 14 in Bows
  9938 | D:9      | Reached skill level 11 in Fighting
 10392 | D:9      | Found a burning altar of Makhleb.
 10395 | D:9      | Found a shimmering altar of Xom.
 10645 | D:10     | Entered Level 10 of the Dungeon
 10709 | D:10     | Noticed an unseen horror
 10724 | D:10     | Killed an unseen horror
 10724 | D:10     | Reached skill level 12 in Fighting
 10962 | D:10     | Found a staircase to the Orcish Mines.
 11034 | D:10     | Noticed a gargoyle
 11067 | D:10     | Killed a gargoyle
 11492 | D:10     | Noticed a two-headed ogre
 11507 | D:10     | Killed a two-headed ogre
 11507 | D:10     | Reached skill level 2 in Unarmed Combat
 11507 | D:10     | Reached XP level 11. HP: 94/94 MP: 11/11
 11748 | D:11     | Reached skill level 3 in Unarmed Combat
 11995 | D:11     | Noticed a two-headed ogre
 12176 | D:11     | HP: 15/94 [two-headed ogre/giant club (19)]
 12177 | D:11     | Slain by a two-headed ogre

Vault maps used:
D:1:      sevenhm_arrival_forest_fort_large_3, minivault_27, minmay_tetromino_l4
D:2:      ashenzari_conservatory_becter, marbit_many_paths, first_ration
D:3:      chequers_ecumenical_altar_simple_redux, eino_curves_02,
          uniq_crazy_yiuf_cottage
D:5:      gammafunk_temple_overflow_wave, temple_green, uniq_grinder
D:6:      gammafunk_temple_overflow_claw, lemuel_round_altar,
          overflow_temple_1_default
D:8:      trog_ov_bears_minmay, lemuel_coloured_pillars_altar, uniq_psyche,
          uniq_maurice
D:9:      grunt_temple_overflow_champion_of_chaos, serial_undead,
          serial_undead_b, serial_undead_e, serial_undead_f, serial_undead_c,
          serial_undead_b, serial_undead_e, serial_undead_a, serial_undead_e,
          serial_undead_a, serial_undead_f
D:10:     orc_0_dummy
D:11:     david_lair_generic, kennysheep_pointless_box, grunt_ogre_cave,
          minivault_12

Skill      XL: |  1  2  3  4  5  6  7  8  9 10 11 |
---------------+----------------------------------+-----
Bows           | 6 7 8 10 11 13 14 | 14.0
Fighting       | 3 4 5 7 8 10 12 | 12.8
Unarmed Combat | 2 3 |  3.2
Dodging        | |  1.5
Stealth        | |  0.6

Action                   |  1- 3 |  4- 6 |  7- 9 | 10-12 || total
-------------------------+-------+-------+-------+-------++-------
Melee: Shortbow          |       |       |     5 |     1 ||     6
       Kick              |       |       |     1 |     9 ||    10
       Headbutt          |       |       |     1 |     5 ||     6
       Unarmed           |       |       |       |    20 ||    20
 Fire: Shortbow          |   120 |   205 |   513 |   384 ||  1222
Invok: Fungal Bloom      |       |     2 |     5 |       ||     7
       Sunlight          |       |       |     6 |     3 ||     9
  Use: Potion            |       |     1 |     9 |       ||    10
       Scroll            |       |       |    11 |       ||    11
  Eat: Ration            |       |     1 |     2 |     2 ||     5
       Chunk             |       |     1 |     8 |     5 ||    14
Armor: Leather armour    |    17 |    37 |    58 |    24 ||   136
Dodge: Dodged            |    18 |    34 |    66 |    55 ||   173

Table legend:
 A = Non-vault XP
 B = Vault XP
 C = Vault XP percentage of total XP
 D = Non-vault monster count
 E = Vault monster count
 F = Vault count percentage of total count
                 A         B        C        D         E       F
            +---------+---------+-------+---------+---------+-------
      Total |    8928 |    2611 |  22.6 |     226 |      29 |  11.4
            +---------+---------+-------+---------+---------+-------
        D:1 |      64 |       4 |   5.9 |      34 |       2 |   5.6
        D:2 |      45 |       1 |   2.2 |      15 |       1 |   6.2
        D:3 |      93 |      40 |  30.1 |      17 |       1 |   5.6
        D:4 |     840 |       0 |   0.0 |      44 |       0 |   0.0
        D:5 |     726 |     272 |  27.3 |      10 |       1 |   9.1
        D:6 |     719 |       0 |   0.0 |      17 |       0 |   0.0
        D:7 |     503 |       0 |   0.0 |      16 |       0 |   0.0
        D:8 |    1546 |    1097 |  41.5 |      32 |       4 |  11.1
        D:9 |     621 |    1197 |  65.8 |      14 |      20 |  58.8
       D:10 |    3600 |       0 |   0.0 |      22 |       0 |   0.0
       D:11 |     171 |       0 |   0.0 |       5 |       0 |   0.0
            +---------+---------+-------+---------+---------+-------

Vault maps used:
D:1:      sevenhm_arrival_forest_fort_large_3, minivault_27, minmay_tetromino_l4
D:2:      ashenzari_conservatory_becter, marbit_many_paths, first_ration
D:3:      chequers_ecumenical_altar_simple_redux, eino_curves_02,
          uniq_crazy_yiuf_cottage
D:5:      gammafunk_temple_overflow_wave, temple_green, uniq_grinder
D:6:      gammafunk_temple_overflow_claw, lemuel_round_altar,
          overflow_temple_1_default
D:8:      trog_ov_bears_minmay, lemuel_coloured_pillars_altar, uniq_psyche,
          uniq_maurice
D:9:      grunt_temple_overflow_champion_of_chaos, serial_undead,
          serial_undead_b, serial_undead_e, serial_undead_f, serial_undead_c,
          serial_undead_b, serial_undead_e, serial_undead_a, serial_undead_e,
          serial_undead_a, serial_undead_f
D:10:     orc_0_dummy
D:11:     david_lair_generic, kennysheep_pointless_box, grunt_ogre_cave,
          minivault_12

Table legend:
 A = Turns spent in this place as a percentage of turns spent in the entire game.
 B = Non-inter-level travel turns spent in this place as a percentage of non-inter-level travel turns spent in the entire game.
 C = Inter-level travel turns spent in this place as a percentage of turns spent in this place.
 D = Turns resting spent in this place as a percentage of non-inter-level travel turns spent in this place.
 E = Turns spent auto-exploring this place as a percentage of non-inter-level travel turns spent in this place.
 F = Non-inter-level travel turns spent in this place divided by the number of levels of this place that you've seen.
                   A       B       C       D       E      F
               +-------+-------+-------+-------+-------+----------------------
         Total | 100.0 | 100.0 |   5.1 |  27.8 |  54.2 | 1050.5
       Dungeon | 100.0 | 100.0 |   5.1 |  27.8 |  54.2 | 1050.5
               +-------+-------+-------+-------+-------+----------------------

Table legend:
 A = Kills in this place as a percentage of kills in entire the game.
 B = Kills by you in this place as a percentage of kills by you in the entire game.
 C = Kills by friends in this place as a percentage of kills by friends in the entire game.
 D = Other kills in this place as a percentage of other kills in the entire game.
 E = Experience gained in this place as a percentage of experience gained in the entire game.
 F = Experience gained in this place divided by the number of levels of this place that you have seen.
                   A       B       C       D       E      F
               +-------+-------+-------+-------+-------+----------------------
         Total | 100.0 | 100.0 |   N/A |   N/A | 100.0 | 1049.0
       Dungeon | 100.0 | 100.0 |   N/A |   N/A | 100.0 | 1049.0
               +-------+-------+-------+-------+-------+----------------------
